 Dungeon Sprint DCSS version 0.21-a0-401-g0b6bec4 (webtiles) character file.

25 Amnesiac the Digger (level 2, -10/19 HPs)
             Began as a Demonspawn Earth Elementalist on Oct 21, 2017.
             Mangled by an ogre
             ... wielding a +0 giant spiked club
              (29 damage)
             ... in the Dungeon (Sprint I: "Red Sonja").
             The game lasted 00:00:28 (210 turns).

Amnesiac the Digger (Demonspawn Earth Elementalist)  Turns: 210, Time: 00:00:29

Health: -10/19     AC:  2    Str:  8    XL:     2   Next: 82%
Magic:  4/6        EV: 12    Int: 16    God:
Gold:   0          SH:  0    Dex: 13    Spells: 7/8 levels left

rFire    . . .     SeeInvis .   (no weapon)
rCold    . . .     Gourm    .   (no shield)
rNeg     . . .     Faith    .   c - +0 robe
rPois    .         Spirit   .   (helmet restricted)
rElec    .         Reflect  .   (no cloak)
rCorr    .         Harm     .   (no gloves)
MR       .....     NoTele   +   (no boots)
Stlth    ++........             (no amulet)
HPRegen  0.06/turn              (no ring)
MPRegen  0.10/turn              (no ring)

@: very slightly contaminated
A: antennae 1
a: no special abilities


You were in the Dungeon.
You were not hungry.

You visited 1 branch

Inventory:

Missiles
 b - 27 stones (quivered)
Armour
 c - a +0 robe (worn)
Wands
 a - a wand of polymorph (9/24)
Scrolls
 j - a scroll of blinking {!r}
Potions
 e - a potion of curing {!q}
 f - a potion of heal wounds {!q}
 g - a potion of haste {!q}
 h - 2 potions of magic {!q}
Books
 k - a book of Geomancy

   Spells                             Type                      Level
   a - Sandblast                      Earth                        1
   b - Passwall                       Transmutation/Earth          2
   c - Stone Arrow                    Conjuration/Earth            3
   d - Petrify                        Transmutation/Earth          4
   e - Lee's Rapid Deconstruction     Earth                        5
Comestibles
 d - a bread ration


   Skills:
 - Level 1.7 Dodging
 - Level 1.7 Stealth
 + Level 3.5 Spellcasting
   Level 0.8 Transmutations
 * Level 5.0 Earth Magic


You had 7 spell levels left.
You knew the following spells:

 Your Spells              Type           Power        Failure   Level  Hunger
a - Sandblast             Erth           ###...       2%          1    None


Dungeon Overview and Level Annotations

Branches:
Dungeon (1/1)

Altars:


Innate Abilities, Weirdness & Mutations

You have a pair of small antennae on your head.


Message History

You barely miss Ijyb.
Ijyb is severely wounded.
You hit Ijyb.
Ijyb is almost dead.
Ijyb hits you with a club.
* * * LOW HITPOINT WARNING * * *
You closely miss Ijyb.
Ijyb is almost dead.
You bite Ijyb!
You kill Ijyb!
Your Spellcasting skill increases to level 3!
Your Earth Magic skill gained 3 levels and is now at level 5!
You have reached level 2!
Your demonic ancestry asserts itself...
A pair of antennae grows on your head!
Your transformation is almost over.
a - a wand of polymorph (?/24) {zapped: 2}
There is an open door, spattered with blood here.
Things that are here:
a club; a leather armour You feel a strong urge to attack something.
You are no longer berserk.
You are exhausted.
You feel yourself slow down.
There is an open door, spattered with blood here.
Things that are here:
a club; a leather armour You start resting.
Your transformation has ended.
You start resting.
Magic restored.
You start resting.
Magic restored.
You start resting.
You feel yourself speed up.
You start resting.
You recover from your berserk rage.
You start resting.
HP restored.
You start resting.
HP restored.
You open the door.
An ogre comes into view. It is wielding a giant spiked club.
The ogre shouts!
Casting: Sandblast
Confirm with . or Enter, or press ? or * to list all spells.
Aiming: Sandblast
Press: ? - help, Shift-Dir - straight line, f - ogre
Aim: an ogre, wielding a giant spiked club You miscast Sandblast.
You are very lightly contaminated with residual magic.
Motes of dust swirl before your eyes.
Unknown command.
Casting: Sandblast
Confirm with . or Enter, or press ? or * to list all spells.
Aiming: Sandblast
Press: ? - help, Shift-Dir - straight line, f/p - ogre
Aim: an ogre, wielding a giant spiked club The blast of sand hits the ogre.
The ogre is heavily wounded.
b - 27 stones The ogre hits you with a giant spiked club!!
Ouch! That really hurt!
You die...

##########
#<.#@O'..#
#..)..#..+
#..#### #
#..# #..#
#..# #⌠⌠#
####


You could see an ogre.

Vanquished Creatures
  Ijyb (D)
1 creature vanquished.

Notes
Turn   | Place    | Note
-------+----------+-------------------------------------------
     0 | D        | Amnesiac the Demonspawn Earth Elementalist began the quest for the Orb.
     0 | D        | Reached XP level 1. HP: 13/13 MP: 3/3
     1 | D        | Noticed Ijyb
    20 | D        | Killed Ijyb
    20 | D        | Reached skill level 5 in Earth Magic
    20 | D        | Gained mutation: You have a pair of small antennae on your head. [demonic ancestry]
    20 | D        | Reached XP level 2. HP: 9/19 MP: 2/6
   208 | D        | Noticed an ogre
   210 | D        | Mangled by an ogre

Vault maps used:
D:        dungeon_sprint_1

Skill      XL: |  1 |
---------------+----+-----
Spellcasting   | 3 |  3.5
Earth Magic    | 5 |  5.0
Dodging        | |  1.7
Stealth        | |  1.7
Transmutations | |  0.8

Action                   || total
-------------------------++-------
Melee: Unarmed           ||    16
 Cast: Sandblast         ||     3
  Use: Potion            ||     1
Dodge: Dodged            ||     3

Table legend:
 A = Spawn XP
 B = Non-spawn XP
 C = Spawn XP percentage of total XP
 D = Spawn monster count
 E = Non-spawn monster count
 F = Spawn count percentage of total count
 G = Total turns spent on level
                    A         B        C        D         E        F      G
               +---------+---------+-------+---------+---------+-------+---------
         Total |       0 |      36 |   0.0 |       0 |       1 |   0.0 |   210
               +---------+---------+-------+---------+---------+-------+---------
             D |       0 |      36 |   0.0 |       0 |       1 |   0.0 |   210
               +---------+---------+-------+---------+---------+-------+---------
